Cogmind - Beta 14 @@@ ROGUE MODE // 2024.09.22 @ 18:50:18 Player: s0lid Result: Destroyed by X-67 Chaingunner with Minigun Performance ------------- Evolutions (3) 1500 Regions Visited (4) 800 Robots Destroyed (71) 355 Value Destroyed (1898) 1898 Prototype IDs (9) 180 Alien Tech Used (0) 0 Bonus (0) 0 TOTAL SCORE: 4733 Bonus ------- None Cogmind --------- Core Integrity 0/700 Matter 242/300 Energy 24/100 System Corruption 5% Temperature Cool (0) Movement Core (800) Ox15 Location -7/Factory Parts ------- > --- POWER (1) -------- (None) > --- PROPULSION (5) --- (None) > --- UTILITY (5) ------ High-capacity Storage Unit Improved Signal Interpreter Hacking Suite > --- WEAPON (2) ------- Shock Bomb Launcher > --- INVENTORY (20) --- Cooled Deuterium Engine Cooled Deuterium Engine Cooled Deuterium Engine Cooled Deuterium Engine Large Matter Pod (150) Advanced Weight Redist. System Structural Scanner Improved Sensor Array Improved Sensor Array Improved Signal Interpreter Seismic Detector Energy Filter Improved Light Armor Plating Improved Shield Generator Improved EM Shotgun Mining Laser Power Maul Peak State ------------ > --- POWER ------------ Cooled Deuterium Engine > --- PROPULSION ------- Wheel Wheel Armored Wheel Armored Wheel > --- UTILITY ---------- High-capacity Storage Unit Improved Signal Interpreter Transmission Jammer Hacking Suite Hacking Suite > --- WEAPON ----------- Gatling Laser Advanced Assault Cannon > --- INVENTORY -------- Cooled Deuterium Engine Cooled Deuterium Engine Cooled Deuterium Engine Cooled Deuterium Engine Wheel Large Matter Pod Advanced Weight Redist. System Structural Scanner Improved Sensor Array Improved Sensor Array Improved Signal Interpreter Seismic Detector Energy Filter Improved Light Armor Plating Improved Shield Generator Improved EM Shotgun Shock Bomb Launcher Heavy Missile Launcher Mining Laser Power Maul [Rating: 39] Favorites ----------- Power Light Ion Engine Engine Light Ion Engine Power Core Light Nuclear Core Propulsion Wheel Treads Light Treads Leg Aluminum Leg Wheel Wheel Flight Unit Improved Flight Unit Utility High-capacity Storage Unit Device Structural Scanner Storage High-capacity Storage Unit Processor Targeting Computer Hackware Hacking Suite Protection Improved Light Armor Plating Weapon Enhanced Autogun Energy Gun Gatling Laser Energy Cannon EM Pulse Cannon Ballistic Gun Enhanced Autogun Ballistic Cannon Light Cannon Launcher Shock Bomb Launcher Special Weapon Mining Laser Build | -11 -10 -10 -8 -7 ------- Run | Yrd Mat Sub Mat Fac Slots Evolved 6 | . . . 4 2 Power . | . . . . . Propulsion 3 | . . . 2 1 Utility 3 | . . . 2 1 Weapon . | . . . . . Parts Attached 108 | 4 15 2 46 41 Power 10 | 1 3 . 3 3 Engine 8 | 1 3 . 1 3 Core 2 | . . . 2 . Reactor . | . . . . . Propulsion 33 | 2 3 . 15 13 Treads 1 | . . . . 1 Leg 1 | . . . 1 . Wheel 30 | 2 3 . 13 12 Hover . | . . . . . Flight 1 | . . . 1 . Utility 32 | 1 5 1 8 17 Device 15 | . 2 . 4 9 Storage 8 | 1 2 . 3 2 Processor 2 | . . . . 2 Hackware 3 | . . . 1 2 Protection 4 | . 1 1 . 2 Artifact . | . . . . . Weapon 33 | . 4 1 20 8 Energy Gun 14 | . 1 1 10 2 Energy Cannon 8 | . . . 6 2 Ballistic Gun 5 | . 1 . 3 1 Ballistic Cannon 2 | . 1 . . 1 Launcher 3 | . . . 1 2 Special Weapon 1 | . 1 . . . Impact Weapon . | . . . . . Slashing Weapon . | . . . . . Piercing Weapon . | . . . . . Special Melee Weapon . | . . . . . Unidentified Prototypes 7 | . . . 5 2 Parts Lost 39 | . 1 2 10 26 Power 3 | . . . 1 2 Propulsion 19 | . 1 1 7 10 Utility 8 | . . . 2 6 Weapon 9 | . . 1 . 8 Highest Loss Streak 11 | . 1 2 7 11 To Critical Strikes 1 | . . . . 1 Average Slot Usage (%) 87 | . 85 100 94 80 Engine 6 | . 10 14 5 5 Core 1 | . . . 3 . Wheel 26 | . 28 28 30 22 Device 11 | . 12 14 12 10 Storage 12 | . 12 14 15 9 Processor 3 | . . . . 9 Hackware 2 | . . . 5 1 Protection 1 | . 1 . 2 2 Energy Gun 5 | . 8 2 5 3 Energy Cannon 3 | . . . 7 1 Ballistic Gun 3 | . . . 4 5 Ballistic Cannon 2 | . 8 14 . . Peak Build Rating 39 | 4 9 8 28 39 Average Rating 20 | 3 6 7 23 27 On Entrance 8 | . 4 8 6 26 Naked Turns . | . . . . . Heaviest Build 66 | 8 49 49 66 63 Greatest Support 58 | 26 26 26 58 56 Greatest Overweight (x) 15 | . 4 3 5 15 Average Overweight (x) 1 | . 1 1 1 1 Largest Inventory Capacity 20 | 8 20 20 20 20 Average Capacity 19 | 6 17 20 20 20 Most Carried 20 | . 20 19 20 20 Average Carried 17 | . 12 19 19 19 Final Capacity 20 | 8 20 20 20 20 Final Carried 20 | . 19 19 20 17 Class Distribution -------------------- 57% | Mutant 37% | Scavenger-Mutant 4% | Hacker-Mutant Dominant Class ---------------- Mutant | -10/Materials Mutant | -10/Subcaves Mutant | -8/Materials Scavenger-Mutant | -7/Factory Resources | -11 -10 -10 -8 -7 ----------- Run | Yrd Mat Sub Mat Fac Matter Collected 1922 | 173 431 . 808 510 Remotely . | . . . . . Salvage Created 3280 | . 435 . 1879 966 Parts 140 | . 22 . 77 41 Haulers Intercepted 5 | . 1 . 3 1 Recyclers Shooed 2 | . . . 1 1 Parts Field Recycled . | . . . . . Retrieved Matter . | . . . . . Parts Self-Destructed . | . . . . . Prevented . | . . . . . Kills | -11 -10 -10 -8 -7 ------- Run | Yrd Mat Sub Mat Fac Combat Hostiles Destroyed 38 | . 3 . 24 11 Guns 15 | . 1 . 8 6 Cannons 15 | . 2 . 9 4 AOE 4 | . . . 3 1 Classes Destroyed 12 | . 5 . 4 3 Worker 11 | . 2 . 4 5 Builder 1 | . . . 1 . Hauler 5 | . 1 . 3 1 Recycler 11 | . 3 . 5 3 Mechanic 1 | . . . . 1 Watcher 4 | . 1 . 2 1 Swarmer 5 | . . . 3 2 Grunt 23 | . 3 . 17 3 Duelist 1 | . . . . 1 Sentry 6 | . . . 3 3 Hunter 2 | . . . 1 1 Programmer 1 | . . . . 1 Best Kill Streak 5 | . 4 . 5 5 Combat Bots Only 4 | . 2 . 4 3 Max Kills in Single Turn 2 | . 1 . 2 1 Gunslinging . | . . . . . Exploded 2 | . . . 2 1 Melee . | . . . . . Uniques/NPCs Destroyed . | . . . . . Combat | -11 -10 -10 -8 -7 -------- Run | Yrd Mat Sub Mat Fac Hostile Shots Fired 477 | . 28 13 173 263 Missed 129 | . 7 4 52 66 Damage Taken 5167 | . 325 180 1852 2810 Core 1166 | . 135 18 312 701 Absorbed by Shields . | . . . . . Redirected to Shielding 6 | . 6 . . . Core Remaining (%) 60 | 100 . 38 43 . Volleys Fired 207 | . 30 9 87 81 Largest 2 | . 2 2 2 2 Hottest 135 | . 135 100 126 128 Shots Fired 354 | . 48 13 169 124 Gun 205 | . 16 4 100 85 Cannon 136 | . 30 6 64 36 Launcher 8 | . . . 5 3 Special 5 | . 2 3 . . Kinetic 140 | . 30 6 44 60 Thermal 99 | . 2 3 37 57 Explosive 2 | . . . . 2 Electromagnetic 113 | . 16 4 88 5 Robot Hit Streak 19 | . 5 7 19 9 Robot Miss Streak 5 | . 3 1 3 5 Penetration Max . | . . . . . Secondary Targets 2 | . . . 2 . Max Gunslinging Chain 1 | . . . 1 . Shots Hit Robots 236 | . 25 8 113 90 Core Hits 114 | . 15 . 55 44 Critical Kills 1 | . . . 1 . Critical Parts Destroyed . | . . . . . Critical Strikes 3 | . 1 . 1 1 Burn 1 | . . . . 1 Destroy 1 | . . . 1 . Blast 1 | . 1 . . . Melee Attacks . | . . . . . Impact . | . . . . . Slashing . | . . . . . Piercing . | . . . . . Sneak Attacks . | . . . . . Combat Hostiles . | . . . . . Follow-up Attacks . | . . . . . Damage Inflicted 5351 | . 481 119 2837 1914 Guns 2405 | . 151 23 1132 1099 Cannons 2121 | . 317 96 1113 595 Explosions 795 | . . . 575 220 Melee . | . . . . . Ramming 30 | . 13 . 17 . Kinetic 1491 | . 317 96 368 710 Thermal 1612 | . . . 661 951 Explosive 171 | . . . . 171 Electromagnetic 2047 | . 151 23 1791 82 Impact . | . . . . . Slashing . | . . . . . Piercing . | . . . . . Highest Corruption 4 | . . . 4 4 Average Corruption 3 | . . . 4 2 Corruption Purged . | . . . . . Corruption Blocked . | . . . . . Effects 34 | . . . 23 11 Message Errors 10 | . . . 6 4 Matter Fused 4 | . . . 3 1 Heat Flow Errors 6 | . . . 4 2 Energy Discharges 3 | . . . 2 1 Parts Rejected 1 | . . . 1 . Parts Fused 1 | . . . . 1 Data Loss (minor) 3 | . . . 3 . Data Loss (major) 1 | . . . 1 . Misfires 2 | . . . 2 . Weapon Failures 3 | . . . 1 2 Overload Shots . | . . . . . Overflow Damage 115 | . . . 113 2 Projectiles 56 | . . . 56 . Explosions 59 | . . . 57 2 Melee . | . . . . . Knockbacks 3 | . 2 . . 1 Impact . | . . . . . Kinetic 3 | . 2 . . 1 Secondary . | . . . . . Self-Inflicted Damage 194 | . 5 . 40 149 Shots 7 | . . . 1 6 Rammed 5 | . 3 . 2 . Targets Rammed 5 | . 3 . 2 . Kicked . | . . . . . Crushed . | . . . . . Highest Temperature 528 | . 99 . 528 351 Average Temperature 90 | . 35 . 106 68 Received Heat Transfer 1617 | . 138 . 1035 444 Effects 3 | . . . 3 . Interference 2 | . . . 2 . Matter Decay 1 | . . . 1 . Siege Activations . | . . . . . Robots Corrupted 4 | . . . 4 . Combat Hostiles 4 | . . . 4 . Parts Fried 11 | . 1 . 10 . Impact Corruptions . | . . . . . Robots Melted . | . . . . . Combat Hostiles . | . . . . . Parts Melted 3 | . . . 1 2 Heat Transferred 2839 | . . . 1003 1836 Parts Sabotaged . | . . . . . Parts Stolen . | . . . . . Parts Stripped . | . . . . . Power Chain Reactions 4 | . . . 3 1 Alert | -11 -10 -10 -8 -7 ------- Run | Yrd Mat Sub Mat Fac Peak Influence 319 | . 132 . 319 232 Initial 119 | . . . 15 119 Average 120 | . 45 . 188 104 Maximum Alert Level 1 | . . . 1 1 Low Security (%) 80 | 100 100 . 58 88 Level 1 19 | . . . 41 11 Level 2 . | . . . . . Level 3 . | . . . . . Level 4 . | . . . . . Level 5 . | . . . . . High Security . | . . . . . Max Security . | . . . . . Squads Dispatched 12 | . 1 . 7 4 Investigation 5 | . 1 . 2 2 Extermination 1 | . . . . 1 Reinforcement 6 | . . . 5 1 Assault . | . . . . . Garrison . | . . . . . Intercept . | . . . . . Searches Triggered . | . . . . . Construction Impeded 2 | . . . 2 . Haulers Reinforced . | . . . . . Active Scanning Responses . | . . . . . Cargo Convoy Interrupts . | . . . . . Stealth | -11 -10 -10 -8 -7 --------- Run | Yrd Mat Sub Mat Fac Distress Signals 8 | . 1 . 5 2 Communications Jammed . | . . . . . Distress Signals . | . . . . . Times Spotted 72 | . 14 2 37 19 Peak Tracking Total 8 | . 5 2 8 3 Tactical Retreats 7 | . 2 . 4 1 Traps | -11 -10 -10 -8 -7 ------- Run | Yrd Mat Sub Mat Fac Traps Triggered 7 | . 3 . 1 3 Indirectly 1 | . . . . 1 Trap Hack Attempts . | . . . . . Triggered . | . . . . . Disarmed . | . . . . . Reprogrammed . | . . . . . Reused . | . . . . . Traps Extracted . | . . . . . Installed . | . . . . . Triggered . | . . . . . Machines | -11 -10 -10 -8 -7 ---------- Run | Yrd Mat Sub Mat Fac Machines Disabled 4 | . . . . 4 Max in Single Turn 3 | . . . . 3 Machines Repaired . | . . . . . Machines Dismantled . | . . . . . Machines Sabotaged . | . . . . . Overloaded Fab Kills . | . . . . . Hacking | -11 -10 -10 -8 -7 --------- Run | Yrd Mat Sub Mat Fac Machines Accessed 17 | . 7 . 4 6 Terminals 12 | . 6 . 2 4 Fabricators 1 | . . . . 1 Repair Stations 1 | . . . 1 . Recycling Units 2 | . 1 . . 1 Scanalyzers 1 | . . . 1 . Garrison Access . | . . . . . Total Hacks 44 | . 18 . 13 13 Successful 25 | . 11 . 8 6 Failed 19 | . 7 . 5 7 Catastrophic 1 | . 1 . . . Database Lockouts . | . . . . . Manual 17 | . 10 . 4 3 Terminals 29 | . 17 . 5 7 Fabricators 4 | . . . . 4 Repair Stations 3 | . . . 3 . Recycling Units 3 | . 1 . . 2 Scanalyzers 5 | . . . 5 . Garrison Access . | . . . . . Terminal Hacks 9 | . 6 . 2 1 Robot Analysis 1 | . 1 . . . Prototype ID Bank 1 | . 1 . . . Open DSF 1 | . . . . 1 Alert Level 1 | . . . 1 . Unreport Threat 1 | . . . 1 . Locate Traps 1 | . 1 . . . Maintenance Status 1 | . 1 . . . Transport Status 1 | . 1 . . . Hauler Manifests 1 | . 1 . . . Fabricator Hacks 2 | . . . . 2 Load Schematic 1 | . . . . 1 Build 1 | . . . . 1 Repair Station Hacks 1 | . . . 1 . Scan Component 1 | . . . 1 . Recycling Unit Hacks 2 | . 1 . . 1 Report Inventory 1 | . 1 . . . Retrieve Components 1 | . . . . 1 Scanalyzer 5 | . . . 5 . Insert Component 2 | . . . 2 . Analyze 3 | . . . 3 . Garrison Access Hacks . | . . . . . Unauthorized Hacks 6 | . 4 . . 2 Terminals 5 | . 4 . . 1 Botnet 4 | . 4 . . . Operators 1 | . . . . 1 Fabricators 1 | . . . . 1 Liberate 1 | . . . . 1 Repair Stations . | . . . . . Recycling Units . | . . . . . Scanalyzers . | . . . . . Garrison Access . | . . . . . Data Cores Recovered . | . . . . . Used . | . . . . . Hacking Detections 16 | . 7 . 4 5 Full Trace Events 3 | . . . 2 1 Feedback Events . | . . . . . Feedback Blocked . | . . . . . Robot Schematics Acquired . | . . . . . Robots Built . | . . . . . Authchips . | . . . . . Time . | . . . . . Total Robot Build Rating . | . . . . . Part Schematics Acquired 2 | . . . 2 . Parts Built 2 | . . . . 2 Authchips . | . . . . . Time 62 | . . . . 62 Total Part Build Rating 4 | . . . . 4 Parts Repaired . | . . . . . Time . | . . . . . Parts Recycled . | . . . . . Recycled Matter . | . . . . . Retrieved Matter . | . . . . . Retrieved Components . | . . . . . Parts Scanalyzed 2 | . . . 2 . Part Schematics Acquired 2 | . . . 2 . Parts Damaged . | . . . . . Bothacking | -11 -10 -10 -8 -7 ------------ Run | Yrd Mat Sub Mat Fac Used RIF Installer . | . . . . . Robots Hacked . | . . . . . Non-combat . | . . . . . Combat . | . . . . . Robot Hacks Applied . | . . . . . Relay Couplers Released . | . . . . . Fabnet Peak Effective % . | . . . . . Robots Rewired 1 | . . . 1 . Allies Hacked . | . . . . . Hacks Repelled . | . . . . . Allies | -11 -10 -10 -8 -7 -------- Run | Yrd Mat Sub Mat Fac Total Allies 4 | . . . 1 3 Largest Group 3 | . . . 1 3 Highest-Rated Group 60 | . . . 16 60 Highest-Rated Ally 20 | . . . 16 20 Total Orders . | . . . . . Ally Attacks 4 | . . . 4 . Total Damage 48 | . . . 48 . Kills . | . . . . . Allies Corrupted . | . . . . . Allies Melted . | . . . . . Intel | -11 -10 -10 -8 -7 ------- Run | Yrd Mat Sub Mat Fac Robot Analysis Total 1 | . 1 . . . Derelict Logs Recovered . | . . . . . Drone Launches . | . . . . . Drone Recoveries . | . . . . . Exploration | -11 -10 -10 -8 -7 ------------- Run | Yrd Mat Sub Mat Fac Turns Passed 3071 | 33 673 102 1082 1181 Spaces Moved 1809 | 31 548 68 585 577 Core 122 | 1 118 . . 3 Treads 56 | . . . . 56 Legs 11 | . . . 8 3 Wheels 1620 | 30 430 68 577 515 Hover . | . . . . . Flight . | . . . . . Fastest Speed 50 | 50 50 105 92 84 Average Speed 110 | 89 94 105 110 128 Slowest Speed 800 | 100 140 145 470 800 Overloaded Moves . | . . . . . Propulsion Burnouts . | . . . . . Robots Hopped . | . . . . . Cave-ins Triggered . | . . . . . Exploration Rate (%) 27 | 4 79 6 37 12 Regions Visited 4 Branch Regions 1 Pre-discovered Areas . | . . . . . Known Exits Taken . | . . . . . Unknown Exits Taken 4 | 1 1 1 1 . Scrap Searched . | . . . . . Spaces Dug 2 | . 2 . . . Terrain Destroyed 44 | . 2 . 11 31 Melee . | . . . . . Projectile 3 | . 2 . . 1 AOE 41 | . . . 11 30 Terrain Rammed . | . . . . . Walls Destroyed . | . . . . . Machines Disabled . | . . . . . Actions | -11 -10 -10 -8 -7 --------- Run | Yrd Mat Sub Mat Fac Total 2534 | 34 659 78 856 907 Wait 247 | . 14 . 62 171 Move 1805 | 30 547 67 584 577 Hop . | . . . . . Pick Up 72 | . 31 . 28 13 Fast Attach 41 | 4 5 . 15 17 Attach 25 | . 2 . 11 12 Detach 12 | . 3 . 4 5 Swap 42 | . 8 2 20 12 Drop 66 | . 16 . 31 19 Fire 207 | . 30 9 87 81 Melee . | . . . . . Ram 5 | . 3 . 2 . Kick . | . . . . . Crush . | . . . . . Escape Stasis . | . . . . . Rewire 12 | . . . 12 . Trap . | . . . . . Miscellaneous . | . . . . . Route ------- -11/Scrapyard -10/Materials (discovered 3 exits: [*Min x2] / [*Sub]) -10/Subcaves -8/Materials -7/Factory History --------- Turn | Location | Event 21 | -11/Scrapyard | Discovered new exit (range 15) 34 | -11/Scrapyard | Entered Materials 34 | -10/Materials | Discovered new exit (range 14) 151 | -10/Materials | Discovered new exit (range 6) 305 | -10/Materials | Build established: Mutant 626 | -10/Materials | Discovered new exit (range 10) 634 | -10/Materials | Derelicts attacked the area 707 | -10/Materials | Core integrity fell below 50% 707 | -10/Materials | Entered Subcaves 770 | -10/Subcaves | Discovered new exit (range 13) 788 | -10/Subcaves | Ambushed by Subdwellers from Twisted Machinery 809 | -10/Subcaves | Entered Materials 809 | -8/Materials | Evolved 4 slots: Propulsion x2, Utility x2 1646 | -8/Materials | Discovered new exit (range 8) 1692 | -8/Materials | Core integrity fell below 50% 1721 | -8/Materials | Lost 7 parts (1p4n2u) 1891 | -8/Materials | Entered Factory 1891 | -7/Factory | Evolved 2 slots: Propulsion x1, Utility x1 2001 | -7/Factory | Build established: Scavenger-Mutant 2043 | -7/Factory | Lost 6 parts (1p2n1u2w) 2122 | -7/Factory | Lost 6 parts (2n2u2w) 2871 | -7/Factory | Fabricated Arm. Wheel (x2) 2912 | -7/Factory | Lost 3 allies 2934 | -7/Factory | Core integrity fell below 50% 3064 | -7/Factory | Core integrity fell below 20% 3072 | -7/Factory | Destroyed by X-67 Chaingunner with Minigun Last Messages --------------- 03051_ 0RBDEWLWWF|WY5CUV31RXH/FQYVM2 LAX2YH> 03055_ Arm. Wheel destroyed. 03055_ L-41 Fighter knocked back. 03056_ Critical hit (Destroy). 03056_ Wheel destroyed. 03059_ Transmission Jammer destroyed. 03059_ Gatling Laser destroyed. 03061_ Cld. Deuterium Engine destroyed. 03061_ Arm. Wheel destroyed. 03062_ Wheel destroyed. 03066_ L, 5XVV&P8L1SPJ2VI<2>XEG9NILF#TFOKBN 03066_ Wheel destroyed. 03066_ Destroyed Wheel. 03068_ Adv. Assault Cannon destroyed. 03069_ Hacking Suite destroyed. 03070_ Hvy. Missile Launcher destroyed. 03072_ L-41 Fighter destroyed. 03072_ Alarm Trap short circuited. 03072_ An alarm sounds. 03072_ ALERT: Alarm triggered, dispatching investigation squad. Map ----- +----------------------------------------------------+ | ???????????????# #?????????????????????????? | | ???????????????# #?????????????????????????? | | ???##########??# #?????????????????????????? | | ???# #### ####??????????????????????? | | ???#"" # #??????????????????????? | | ???#"T ! # ##########?????????????? | | ???#"" | # "" ^ ?????????????? | | ???# + T ????????????? | | ???# / # ?????????????? | | ???# # #########??????????????? | | ???# # #??????????????????????? | | ???# #### ####??????????????????????? | | ???##########??# #?????????????????????????? | | ???????????????# #?????????????????????????? | | ???????????????# #??????????? [????????????? | | ???????????????# #?????????? ?????????????? | | ???????????????# #????????? ?????????????? | | ???????????????# #???##### ""?????????????? | | ??????????????## #??# # # ""?????????????? | | ??????????????#;+### ""?????????????? | | ??????????????# "??????????????? | | ??????????????#% ?""?????????????? | | ??????????????# = ! #= """????????????? | | ?????????????## ] "??????????????? | | ?????????????# ] #?????????????????? | | ??????????????# @% = #??????????????????? | | ?????????????# x #??????????????????? | | ?????????? # x #??????????????????? | | ????????# ???# ####??????????????????? | | ???????????H? ?????????????????????? | | ???????????? ?????????????????????? | | ??????????g ????????????????????? | | ????????? ????????????????????? | | ????????# ???????????????????? | | ????????################???????????????????? | | ???????????????????????????????????????????? | | ???????????????????????????????????????????? | | ???????????????????????????????????????????? | | ???????????????????????????????????????????? | | ???????????????????????????????????????????? | | ???????????????????????????????????????????? | | ???????????????????????????????????????????? | | ???????????????????????????????????????????? | | ???????????????????????????????????????????? | | ???????????????????????????????????????????? | | ???????????????????????????????????????????? | | ???????????????????????????????????????????? | | ???????????????????????????????????????????? | | ???????????????????????????????????????????? | | ???????????????????????????????????????????? | +----------------------------------------------------+ Best States ------------- Heat Dissipation 81 Energy Generation 18 Energy Capacity 390 Matter Stores 300 Matter Capacity 300 Sight Range 16 Robot Scan Range 15 Terrain Scan Range 14 Terrain Scan Density 10 Jamming Range 12 Armor Coverage 150 Core Shielding 20 Evasion (%) 50 Targeting Accuracy 5 Recoil Reduction 1 Offensive Hacking 20 Item Schematics ----------------- Imp. EM Shotgun | -8/Materials | Scanalyzed Arm. Wheel | -8/Materials | Scanalyzed Robot Schematics ------------------ None Fabricated ------------ Arm. Wheel | x2 | -7/Factory Alien Tech Used ----------------- None Achievements -------------- None Challenges ------------ None Game ------ Seed ResetLayeredManipulator Manual? 0 Play Time 00:36:29 Cumulative 202.9 hours Start 2024.09.22 @ 16:02:40 End 2024.09.22 @ 18:50:18 Sessions 3 Manual Loads 0 Difficulty Rogue Special Mode None Game No. 204 Rogue 204 Adventurer 0 Explorer 0 Win Type - Total 0 Types 0/0/0/0/0/0/0/0/0 Lore% 23 Gallery% 59 Achievement% 44 Wizard Run 0 Options --------- Layout 0 ASCII 0 Keyboard 1 Movement Vi Keybinds 0 Fullscreen 1 Font 24/Smallcaps Map View 76x50 Zoom Use 0% Tactical HUD 1 Map Filters NONE Filters NONE Steam 1 RUN: a2b19ad6-317a-4d5f-b8b8-3dad984fe716